[Event "Early-Titled-Tuesday-Blitz-September-12-2023"]
[Site "Chess.com"]
[Date "2023.09.12"]
[Round "3"]
[White "SantoBlue"]
[Black "jk13"]
[Result "1-0"]
[WhiteElo "2927"]
[BlackElo "2703"]
[TimeControl "180+1"]
[EndTime "8:28:01 PDT"]
[Termination "SantoBlue won on time"]

1. Nf3 d5 2. b3 Bg4 3. Bb2 Nd7 4. g3 e6 5. Bg2 Ngf6 6. d3 Bc5 7. Nbd2 O-O 8. h3 Bxf3 9. Nxf3 Qe7 10. O-O Ba3 11. Bc3 a5 12. Rb1 c6 13. Ba1 Rfe8 14. c4 e5 15. Nd2 Rac8 16. e3 Bb4 17. Nf3 e4 18.
dxe4 dxe4 19. Nd4 Ne5 20. Qc2 Nd3 21. Rbd1 Rcd8 22. g4 g6 23. Ne2 Bd6 24. Ng3 Nb4 25. Qc3 Be5 26. Qxe5 Qxe5 27. Rxd8 Qe6 28. Bxf6 Rxd8 29.
Bxd8 f5 30. Bxa5 Nd3 31. Bc7 Qd7 32. Bb8 Qd8 33. Bf4 Nxf4 34. exf4 Qd7 35. gxf5 gxf5 36. h4 Qd2 37. Nxf5 Qxf4 38. Ng3 e3 39. Be4 Qxh4 40. Kg2 Qg4 41. fxe3 h5 42. Rf4 Qd1 43. Rf2 h4 44. Ne2 Qd2 45. Kf3 Qe1 46. Nf4 Kf7 47.
Ng2 Qh1 48. Kg4+ Ke7 49. Rf4 h3 50. Nh4 Qe1 51. Nf5+ 1-0

[Event "Early-Titled-Tuesday-Blitz-September-12-2023"]
[Site "Chess.com"]
[Date "2023.09.12"]
[Round "3"]
[White "Romkachess"]
[Black "CFalcons8"]
[Result "0-1"]
[WhiteElo "2526"]
[BlackElo "2313"]
[TimeControl "180+1"]
[EndTime "8:28:02 PDT"]
[Termination "CFalcons8 won by resignation"]

1. e4 e5 2. d4 exd4 3. Qxd4 Nc6 4. Qe3 g6 5. Nc3 Bg7 6. Bd2 d6 7. O-O-O Nge7 8. Bc4 Be6 9. Bb3 Qd7 10. f4 O-O-O 11.
Nf3 Bxb3 12. axb3 f5 13. Rhe1 fxe4 14. Qxe4 Nf5 15. Nd5 Rhe8 16. Qa4 Rxe1 17. Rxe1 Re8 18. g4 Rxe1+ 19. Bxe1 Nfe7 20. Nxe7+ Qxe7 21. Kd2 Bxb2 22. Bh4 Qe6 23. h3 Qd5+ 24. Ke2 b5 25. Qa2 Qe4+ 26.
Kf2 Bc1 27. Qa6+ Kd7 28. Qxb5 Qxc2+ 29. Kg3 Be3 30. Qf1 Qe4 31. Bg5 Qc2 32. h4 Qxb3 33.
h5 Nd4 34. hxg6 hxg6 35. Nxd4 Bxd4+ 36. Kh4 Qb2 37. Qh3 Bf2+ 0-1

[Event "Early-Titled-Tuesday-Blitz-September-12-2023"]
[Site "Chess.com"]
[Date "2023.09.12"]
[Round "3"]
[White "BatboldNyamsuren0919"]
[Black "Aygehovit1992"]
[Result "0-1"]
[WhiteElo "2482"]
[BlackElo "2721"]
[TimeControl "180+1"]
[EndTime "8:28:03 PDT"]
[Termination "Aygehovit1992 won by resignation"]

1. d4 Nf6 2. c4 e6 3. g3 Bb4+ 4. Nd2 O-O 5. Bg2 d5 6. Nf3 Nbd7 7. O-O c6 8. Qc2 a5 9. e4 b6 10. e5 Ne8 11. a3 Be7 12. b3 Ba6 13. h4 Rc8 14. Re1 h6 15. Nf1 c5 16. cxd5 cxd4 17.
Qd2 Nc5 18. Nxd4 exd5 19. Ne3 Nd3 20. Rd1 Nc7 21. Bb2 Nxb2 22. Qxb2 Bb7 23. Rac1 Bc5 24. Ndf5 Bxe3 25. Nxe3 Qd7 26. Qd4 Qe6 27. Nxd5 Nxd5 28.
Rxc8 Rxc8 29. Bxd5 Bxd5 30. Qxd5 Rc3 31. Qxe6 fxe6 32.
b4 Rxa3 33. b5 Rb3 34. Rd6 Rxb5 35. Rxe6 a4 36. f4 a3 37. Re8+ Kf7 38. Ra8 Ra5 0-1

[Event "Early-Titled-Tuesday-Blitz-September-12-2023"]
[Site "Chess.com"]
[Date "2023.09.12"]
[Round "3"]
[White "Vesper2018"]
[Black "Tsyhanchuk_Stanislav"]
[Result "1-0"]
[WhiteElo "2600"]
[BlackElo "2429"]
[TimeControl "180+1"]
[EndTime "8:28:03 PDT"]
[Termination "Vesper2018 won on time"]

1. e4 c5 2. Nc3 Nc6 3. Bb5 Nd4 4. Bc4 g6 5. Nf3 Bg7 6. Nxd4 cxd4 7. Qf3 Nf6 8. Nb5 O-O 9. Nxd4 d5 10. exd5 Bg4 11.
Qb3 Ne4 12. Ne2 Nc5 13. Qe3 Rc8 14. O-O a6 15. d4 Nd7 16. Bb3 Nf6 17. c4 b5 18.
cxb5 axb5 19. Nf4 Bh6 20. Qg3 Bg7 21. Be3 Bf5 22. f3 Qd7 23. Rac1 Rxc1 24. Rxc1 Rc8 25. Rc5 Ne8 26. Qe1 Nd6 27. Qc1 h5 28. Qd2 Bf6 29. Nd3 h4 30. Ne5 Qe8 31. Nc6 Kg7 32. Bh6+ Kh7 33. Bg5 Nb7 34. Rc1 Nd6 35. Bxf6 exf6 36. Re1 Qf8 37. Qf4 Kg7 38. Qxh4 Qh8 39. Qxh8+ Rxh8 40. Re7 Rc8 41. g4 Kf8 42. gxf5 Rxc6 43. Rxf7+ Nxf7 44. dxc6 Nd6 45. fxg6 Kg7 46. Bf7 1-0

[Event "Early-Titled-Tuesday-Blitz-September-12-2023"]
[Site "Chess.com"]
[Date "2023.09.12"]
[Round "3"]
[White "Saif_Malek04"]
[Black "LangesNasenhaar"]
[Result "1-0"]
[WhiteElo "2643"]
[BlackElo "2468"]
[TimeControl "180+1"]
[EndTime "8:28:04 PDT"]
[Termination "Saif_Malek04 won by resignation"]

1. e4 g6 2. d4 Bg7 3. Nc3 d5 4. exd5 Nf6 5. Bc4 a6 6. a4 Nbd7 7.
a5 Nb8 8. Nf3 c6 9. dxc6 Nxc6 10.
Be3 Bg4 11. Qd2 Bxf3 12. gxf3 Nxa5 13. Ba2 Rc8 14. h4 Nc4 15. Qe2 Nxe3 16. fxe3 Qb6 17. Bb3 O-O 18. Kf2 Nh5 19. Rag1 e5 20. Nd5 Qd6 21. dxe5 Bxe5 22. f4 Bxb2 23. Qxh5 Bg7 24. Qf3 a5 25. h5 b5 26. hxg6 hxg6 27. Rxg6 Rxc2+ 28. Bxc2 fxg6 29. Bxg6 Rc8 30. Bh7+ Kf8 31. Rh5 Rc5 32. Rf5+ Ke8 33. Qe4+ Kd8 34. Bg8 a4 35. Bf7 Kc8 36. Qe8+ Kb7 37. Kf3 a3 38. Be6 a2 39.
Rf7+ Rc7 40. Qc8+ Ka7 41. Rxc7+ 1-0

[Event "Early-Titled-Tuesday-Blitz-September-12-2023"]
[Site "Chess.com"]
[Date "2023.09.12"]
[Round "3"]
[White "MusicCityMaster"]
[Black "mamey78"]
[Result "0-1"]
[WhiteElo "2386"]
[BlackElo "2574"]
[TimeControl "180+1"]
[EndTime "8:28:04 PDT"]
[Termination "mamey78 won by resignation"]

1. e4 e5 2. d4 exd4 3. Qxd4 Nc6 4. Qe3 Nf6 5. Bd2 Bb4 6. c3 Ba5 7. Bd3 O-O 8. Ne2 d5 9. exd5 Re8 10. Qg3 Qxd5 11. c4 Bxd2+ 12. Nxd2 Qa5 13. a3 Bg4 14. f3 Bf5 15. b4 Nxb4 16. Bxf5 Qxf5 17. axb4 Qd3 18.
Qf2 Rad8 19. Rd1 b5 20. cxb5 Qxb5 21. g3 Rd6 22. Kf1 Qxb4 23. Nf4 Red8 24. Ke1 Qb5 25. h4 Re8+ 26. Ne2 Rde6 27. Rh2 Rxe2+ 28. Qxe2 Rxe2+ 29. Rxe2 h6 30. Ne4 Nd5 31. Nf2 c6 32.
Kf1 a5 33. Nd3 a4 34. Kf2 Qb6+ 35. Kg2 Ne3+ 36. Rxe3 Qxe3 37. Nf4 a3 38. h5 a2 39.
Rd8+ Kh7 40. Ra8 Qb3 41. Ng6 fxg6 42. hxg6+ Kxg6 0-1

[Event "Early-Titled-Tuesday-Blitz-September-12-2023"]
[Site "Chess.com"]
[Date "2023.09.12"]
[Round "3"]
[White "Hasangatin_Ramil"]
[Black "wonderfultime"]
[Result "1/2-1/2"]
[WhiteElo "2750"]
[BlackElo "2994"]
[TimeControl "180+1"]
[EndTime "8:28:05 PDT"]
[Termination "Game drawn by repetition"]

1. e4 c5 2. Nf3 Nf6 3. e5 Nd5 4. d4 cxd4 5. Qxd4 e6 6. c4 Nc6 7.
Qe4 f5 8. exf6 Nxf6 9. Qc2 Bc5 10. Be2 O-O 11. O-O b6 12. Nc3 Bb7 13. Bg5 Qc7 14.
Bh4 Qf4 15. Bg3 Qh6 16. Rad1 Rac8 17. a3 a5 18. Na4 Rf7 19. Qd3 Nh5 20. Qb3 Nxg3 21.
hxg3 Rb8 22. Nxc5 bxc5 23. Qe3 Qxe3 24. fxe3 a4 25. Rd2 h6 26. Rfd1 Bc8 27. Re1 Kf8 28.
Bd1 Ra8 29. Bc2 g5 30. Bg6 Rf6 31. Be4 Ra6 32. Bxc6 Rxc6 33. Ne5 Rc7 34. g4 Ke7 35. Red1 Rb7 36. Kh2 Ke8 37. Kg3 Rb3 38. Nxd7 Rxe3+ 39. Kh2 Bxd7 40. Rxd7 Rf4 41. Ra7 Rd4 42. Rf1 Rf4 43.
Rd1 Rd4 44. Rf1 Rf4 45. Rd1 1/2-1/2

[Event "Early-Titled-Tuesday-Blitz-September-12-2023"]
[Site "Chess.com"]
[Date "2023.09.12"]
[Round "3"]
[White "CSB7"]
[Black "shimastream"]
[Result "0-1"]
[WhiteElo "2723"]
[BlackElo "2962"]
[TimeControl "180+1"]
[EndTime "8:28:05 PDT"]
[Termination "shimastream won by resignation"]

1. e4 e6 2. d4 d5 3. e5 c5 4. c3 Nc6 5. Nf3 Nge7 6. Bd3 cxd4 7. cxd4 Nf5 8. Bxf5 exf5 9. Nc3 Be6 10. h4 Be7 11. Bg5 h6 12. Bxe7 Qxe7 13. Ne2 O-O 14. Nf4 Rac8 15. Kf1 Na5 16. Rh3 Nc4 17. b3 Na3 18. Qd2 Rc2 19. Qe3 Rfc8 20. Kg1 R8c3 21. Qe1 Qc7 22. Kh2 Rb2 23. Rg3 Rcc2 24. Nh5 g6 25. Nf6+ Kf8 26. Qb4+ Qe7 27. Nh7+ Ke8 28. Nf6+ Kd8 29. Qa5+ b6 30. Qa6 Rxf2 31. Rc1 f4 32.
Rg4 Bxg4 33. Nxg4 Rxg2+ 34. Kh1 Rgc2 35. Rxc2 Nxc2 36. e6 Qxe6 37. Qxa7 Qxg4 38. Qxb6+ Ke8 39. Qb8+ Ke7 40. Qe5+ Qe6 0-1

[Event "Early-Titled-Tuesday-Blitz-September-12-2023"]
[Site "Chess.com"]
[Date "2023.09.12"]
[Round "3"]
[White "gshwbedhkhd"]
[Black "omeletking"]
[Result "1-0"]
[WhiteElo "2555"]
[BlackElo "2243"]
[TimeControl "180+1"]
[EndTime "8:28:05 PDT"]
[Termination "gshwbedhkhd won by resignation"]

1. e4 g6 2. d4 Bg7 3. Nc3 d6 4. f4 a6 5. Nf3 b5 6. Bd3 Bb7 7. a4 b4 8. Ne2 c5 9. c3 Nd7 10. O-O e6 11. e5 Qc7 12. Ng5 Ne7 13. Ne4 Bxe4 14. Bxe4 Rc8 15. Be3 d5 16. Bd3 c4 17.
Bc2 b3 18. Bb1 h5 19. Qe1 Ng8 20. g3 Nh6 21. h3 Qd8 22. Kg2 Qe7 23. Ng1 Kd8 24.
Nf3 Kc7 25. Rh1 Rcg8 26. Bf2 Qd8 27. Qe2 Bf8 28. Ng5 Be7 29. Be3 Rg7 30. g4 Rgg8 31.
Qf3 Qe8 32. a5 Nb8 33. gxh5 gxh5 34. Kf1 h4 35. Rg1 Nc6 36. f5 Kd7 37. Ra4 Qd8 38. fxe6+ fxe6 39. Nxe6 Kxe6 40. Bxh6 Rf8 41. Bxf8 Rxf8 42.
Rg6+ Kd7 43. Bf5+ Kc7 44. Rxc4 Rxf5 45. Rcxc6+ Kb7 46. Rb6+ 1-0

[Event "Early-Titled-Tuesday-Blitz-September-12-2023"]
[Site "Chess.com"]
[Date "2023.09.12"]
[Round "3"]
[White "Akewjon"]
[Black "Maus7"]
[Result "1-0"]
[WhiteElo "2730"]
[BlackElo "2492"]
[TimeControl "180+1"]
[EndTime "8:28:06 PDT"]
[Termination "Akewjon won on time"]

1. e4 e5 2. Nf3 Nc6 3. Bc4 Bc5 4.
d3 Nf6 5. c3 d6 6. a4 a5 7. O-O O-O 8. h3 h6 9. Re1 Be6 10.
Bxe6 fxe6 11. Be3 Bxe3 12. Rxe3 Qe8 13. Nbd2 b6 14. d4 exd4 15. cxd4 e5 16. Qb3+ Kh8 17. dxe5 Nxe5 18. Nd4 Qh5 19. Ne6 Rfc8 20. f4 Ned7 21. Rg3 Nc5 22. Nxc5 Qxc5+ 23. Kh1 Qf2 24.
Qe3 Qxe3 25. Rxe3 Re8 26. Rc1 Re7 27. g3 Rae8 28. Rce1 Nd7 29. Kg2 Nc5 30. b3 d5 31.
e5 Ne6 32. f5 Nd4 33. g4 Nc2 34. Nf3 c6 35. e6 b5 36. Ne5 Rc7 37. h4 Kg8 38. g5 hxg5 39. hxg5 bxa4 40. bxa4 Rb7 41. Nxc6 Rb2 42. Kg3 Nxe1 43. Rxe1 Kf8 44. f6 gxf6 45.
gxf6 Rb3+ 46. Kf4 Rc3 47. Nd4 Rec8 48. Rh1 Kg8 49. Nf5 R8c4+ 50. Ke5 Re4+ 51. Kd6 1-0

[Event "Early-Titled-Tuesday-Blitz-September-12-2023"]
[Site "Chess.com"]
[Date "2023.09.12"]
[Round "3"]
[White "AleksandrAleksikov"]
[Black "BigAl"]
[Result "0-1"]
[WhiteElo "2280"]
[BlackElo "2546"]
[TimeControl "180+1"]
[EndTime "8:28:06 PDT"]
[Termination "BigAl won on time"]

1. e4 c6 2. Nf3 d5 3. Nc3 dxe4 4. Nxe4 Nf6 5. d3 g6 6. Bg5 Bg7 7. Nxf6+ exf6 8. Bd2 O-O 9. Be2 Re8 10. O-O Nd7 11.
Re1 Nb6 12. a4 Nd5 13. Bf1 f5 14. Bg5 Nf6 15. Rxe8+ Qxe8 16. Qd2 Qf8 17. Re1 Be6 18.
Nd4 Bd7 19. Nb3 Nd5 20. c3 h6 21. Be3 Nxe3 22. Qxe3 Re8 23. Qd2 c5 24. a5 Ba4 25.
Rxe8 Bxe8 26. Qe3 b6 27. axb6 axb6 28. Nd2 Bc6 29. Nc4 b5 30. Ne5 Ba8 31. Nd7 Qd8 32.
Nxc5 Kh7 33. d4 Qd5 34. f3 Qa2 35. b4 Bd5 36. Bxb5 Qb1+ 37. Kf2 h5 38. h4 Bh6 39. Qd3 Qc1 0-1

[Event "Early-Titled-Tuesday-Blitz-September-12-2023"]
[Site "Chess.com"]
[Date "2023.09.12"]
[Round "3"]
[White "kleopl"]
[Black "RobertoJBM"]
[Result "0-1"]
[WhiteElo "2509"]
[BlackElo "2816"]
[TimeControl "180+1"]
[EndTime "8:28:07 PDT"]
[Termination "RobertoJBM won by resignation"]

1. e4 c6 2. Nc3 d5 3. Qe2 dxe4 4. Nxe4 Bf5 5. g3 e6 6. Bg2 Nd7 7. d4 Ngf6 8. Nxf6+ Nxf6 9. c3 Be7 10. Nf3 h6 11.
O-O O-O 12. Ne5 Nd7 13. Bf4 Nxe5 14. Bxe5 Bd6 15. b4 Qc7 16. Rfe1 Rfd8 17. Bxd6 Rxd6 18.
Qe5 Rc8 19. a4 a6 20. a5 Rd7 21. f4 Rcd8 22. Qxc7 Rxc7 23. Bf3 Kf8 24. g4 Bd3 25.
Kf2 Ke7 26. Re5 f6 27. Re3 Bc4 28. Rae1 Kd6 29. h4 Re7 30. Kg3 Rde8 31. g5 hxg5 32. hxg5 fxg5 33. fxg5 Rf8 34. Bg4 g6 35. Rf3 Rxf3+ 36.
Bxf3 e5 37. Kh4 Bd5 38. Bxd5 Kxd5 39. Kg4 e4 40. Re3 Rf7 41. Kg3 Rf5 42. Kg4 Rf1 43. Kh4 Rf3 44. Rxf3 exf3 45. Kg3 Ke4 46. Kf2 Kf4 47. c4 Kxg5 48. Kxf3 Kf5 49. Ke3 g5 50. Kf3 g4+ 51. Kg3 Ke4 52. d5 cxd5 53. cxd5 Kxd5 0-1

[Event "Early-Titled-Tuesday-Blitz-September-12-2023"]
[Site "Chess.com"]
[Date "2023.09.12"]
[Round "3"]
[White "amylazy"]
[Black "djano"]
[Result "0-1"]
[WhiteElo "2459"]
[BlackElo "2630"]
[TimeControl "180+1"]
[EndTime "8:28:07 PDT"]
[Termination "djano won by resignation"]

1. d4 d5 2. c4 e6 3. Nf3 c5 4. cxd5 exd5 5. Nc3 Nc6 6. g3 Nf6 7. Bg2 Be7 8. O-O O-O 9. Bg5 c4 10. Ne5 Be6 11. Nxc6 bxc6 12. Qa4 Qb6 13. Rfd1 Qxb2 14. Rdc1 Qb7 15. e4 h6 16. Rab1 Qd7 17. exd5 Nxd5 18. Bxe7 Nxe7 19. d5 Nxd5 20. Qxc4 Ne7 21. Qc5 Rfc8 22.
Rd1 Qe8 23. Ne4 Qf8 24. Qa5 Bd5 25. Re1 Ng6 26. Rbc1 Re8 27. Nc5 Rxe1+ 28. Rxe1 Qd6 29. Qc3 a5 30. Rd1 Rb8 31. Qd4 Rb4 32. Qc3 Ne7 33. a3 Rb5 34. Ne4 Qe6 35. Re1 Rb3 36. Qd4 f5 37.
Nf6+ Qxf6 38. Qxf6 gxf6 39. Rxe7 Rb1+ 40. Bf1 Bc4 41. Kg2 Bxf1+ 0-1

[Event "Early-Titled-Tuesday-Blitz-September-12-2023"]
[Site "Chess.com"]
[Date "2023.09.12"]
[Round "3"]
[White "GodDMuhammad"]
[Black "Artem_Sadovsky"]
[Result "1-0"]
[WhiteElo "2356"]
[BlackElo "2531"]
[TimeControl "180+1"]
[EndTime "8:28:07 PDT"]
[Termination "GodDMuhammad won on time"]

1. f4 g6 2. g3 Bg7 3. Nf3 d6 4. d3 e5 5. e4 Nc6 6. c3 f5 7. Bg2 Nge7 8. O-O O-O 9. Be3 h6 10. Nbd2 Be6 11. Nh4 Kh7 12. Qa4 exf4 13. Bxf4 g5 14.
exf5 Bd7 15. Ng6 gxf4 16. Nxf8+ Qxf8 17. Qxf4 Bf6 18. Ne4 Ng8 19. g4 Be5 20. Qf3 d5 21. Ng3 Nf6 22. h3 Qd6 23. Ne2 d4 24. c4 Re8 25. Rae1 Bh2+ 26. Kh1 Re3 27. Qf2 Ne5 28. Nxd4 Rxe1 29. Qxe1 Nxd3 30. Qe3 Nxb2 31. Ne6 Nxc4 32. Qe2 Ne5 33. Rd1 Qc5 34. Nxc5 Bf4 35. Nxd7 Nexd7 36. Rxd7+ Nxd7 37. Qe7+ Kg8 38. Qxd7 Bd6 39. Bd5+ 1-0

[Event "Early-Titled-Tuesday-Blitz-September-12-2023"]
[Site "Chess.com"]
[Date "2023.09.12"]
[Round "3"]
[White "guillembaches"]
[Black "dzilleruelo"]
[Result "1-0"]
[WhiteElo "2537"]
[BlackElo "2304"]
[TimeControl "180+1"]
[EndTime "8:28:07 PDT"]
[Termination "guillembaches won by resignation"]

1. e4 c6 2. d4 d5 3. e5 c5 4.
dxc5 e6 5. Nf3 Bxc5 6. Bd3 Ne7 7. O-O Nd7 8. Bf4 Ng6 9. Bg3 O-O 10. Nbd2 Bb6 11.
c4 Nc5 12. Bc2 a5 13. Re1 Bd7 14. cxd5 exd5 15. Nb3 Nxb3 16. Bxb3 Be6 17. Nd4 Qg5 18. Nf3 Qg4 19. Kh1 Rad8 20. Qe2 Nf4 21. Bxf4 Qxf4 22.
h3 Rc8 23. Rad1 Rc5 24. Nd4 h6 25. g3 Qg5 26. h4 Qg6 27. Bc2 Qg4 28. Qd3 Rxc2 29.
Nxc2 Bxf2 30. Kg2 Bxe1 31. Nxe1 Qh3+ 32. Kf2 Rc8 33. Nf3 Bf5 34. Qxd5 Rc2+ 35. Rd2 Rxd2+ 36. Qxd2 Qh1 37. Qd8+ Kh7 38. Qd2 Be4 39. Nd4 Qg2+ 40. Ke3 Bd5 41. Qxg2 g6 42. Qxd5 Kg7 43. Qxb7 Kf8 44.
Qb5 Ke7 45. Qxa5 Kd7 46. Qd2 Ke7 47. Nf3 Ke6 48. Qd6+ Kf5 49. Nd4+ Kg4 50. Qf6 Kxg3 51. Qxf7 Kxh4 52. Qxg6 h5 53. Qxh5+ Kxh5 54. e6 Kg5 55. Kd3 Kf6 56. Kc3 Ke7 57. b3 Kd6 58. a3 1-0

[Event "Early-Titled-Tuesday-Blitz-September-12-2023"]
[Site "Chess.com"]
[Date "2023.09.12"]
[Round "3"]
[White "Goryachkina"]
[Black "Zhigalko_Sergei"]
[Result "0-1"]
[WhiteElo "2670"]
[BlackElo "2887"]
[TimeControl "180+1"]
[EndTime "8:28:08 PDT"]
[Termination "Zhigalko_Sergei won on time"]

1. d4 Nf6 2. c4 e6 3. Nf3 b6 4. g3 Ba6 5. Qc2 Bb4+ 6. Bd2 Be7 7. e4 d5 8. cxd5 Bxf1 9. Kxf1 exd5 10. e5 Ne4 11.
Nc3 Nxd2+ 12. Qxd2 Qd7 13. Kg2 Nc6 14. h4 Nd8 15.
Ne2 Ne6 16. Nf4 O-O-O 17. Rac1 Kb7 18. Nxe6 fxe6 19. Rc2 h6 20. Rhc1 Rc8 21. b4 g5 22.
hxg5 hxg5 23. Nxg5 Bxg5 24. Qxg5 Qh7 25. Qg4 Kb8 26.
Qxe6 Qe4+ 27. f3 Qh7 28. Kf2 Qd3 29. Kg2 Rh7 30. g4 Rch8 31. g5 Qe3 32. g6 Qg5+ 33. Kf2 Rh2+ 0-1

[Event "Early-Titled-Tuesday-Blitz-September-12-2023"]
[Site "Chess.com"]
[Date "2023.09.12"]
[Round "3"]
[White "Arash_Tahbaz"]
[Black "Ncatt"]
[Result "1-0"]
[WhiteElo "2836"]
[BlackElo "2537"]
[TimeControl "180+1"]
[EndTime "8:28:08 PDT"]
[Termination "Arash_Tahbaz won by resignation"]

1. Nf3 d5 2. g3 c6 3. Bg2 Bg4 4. O-O Nd7 5. d3 e6 6. h3 Bh5 7. Nbd2 Bd6 8. e4 Ne7 9. Qe2 O-O 10. Re1 a5 11. a4 Qc7 12. d4 dxe4 13. Nxe4 Nd5 14.
Nxd6 Qxd6 15. c4 Nb4 16. Bf4 Qe7 17. c5 Rfe8 18. Bd6 Qf6 19. Rad1 h6 20. g4 Bg6 21. Ne5 Nxe5 22. dxe5 Qh4 23. Rd2 Rad8 24. f4 Bd3 25. Qf2 Qxf2+ 26. Kxf2 Bc2 27. Ra1 Bb3 28.
Ra3 Bd5 29. Bf1 Ra8 30. Rc3 f5 31. gxf5 exf5 32. Rg3 Kh7 33. Ke3 Bb3 34. h4 Bxa4 35. Bc4 Nd5+ 36. Kf3 Re6 37. h5 g5 38. fxg5 hxg5 39. Rxg5 Kh6 40. Rxf5 Rg8 41. Bf8+ Kh7 42. h6 Reg6 43. Bg7 Re8 44. Bd3 Nb4 45. Be4 Bb5 46. Rf6 1-0

[Event "Early-Titled-Tuesday-Blitz-September-12-2023"]
[Site "Chess.com"]
[Date "2023.09.12"]
[Round "3"]
[White "Anton_Demchenko"]
[Black "attack2mateU"]
[Result "0-1"]
[WhiteElo "2949"]
[BlackElo "2740"]
[TimeControl "180+1"]
[EndTime "8:28:09 PDT"]
[Termination "attack2mateU won by resignation"]

1. e4 c5 2. Nf3 d6 3. d4 cxd4 4.
Nxd4 Nf6 5. Nc3 a6 6. Bd3 e5 7. Nde2 Be7 8. O-O O-O 9. h3 Nc6 10. a3 Be6 11. Nd5 Nxd5 12. exd5 Bxd5 13. Bxh7+ Kxh7 14. Qxd5 Qa5 15. Qxa5 Nxa5 16. Nc3 Rfc8 17. Nd5 Bd8 18. c3 Nc4 19. Rd1 a5 20. a4 Ra6 21.
b3 Nb6 22. Ne3 Rxc3 23. Rb1 Rc6 24. Ba3 Bg5 25. Nf5 d5 26. Re1 Bf6 27. Ne3 d4 28. Ng4 Nd7 29. f3 Rab6 30. b4 Rc3 31. Bb2 Rb3 32.
b5 Nc5 33. Ba1 Rxb1 34. Rxb1 Nxa4 35. f4 Nc3 36. Bxc3 dxc3 37. Rc1 exf4 38. Nxf6+ gxf6 39. Rxc3 Rxb5 40. Kf2 a4 41. Rc4 Ra5 42. Rc2 a3 43. Ra2 b5 44. Ke2 b4 45. Kd3 b3 46.
Ra1 b2 0-1

[Event "Early-Titled-Tuesday-Blitz-September-12-2023"]
[Site "Chess.com"]
[Date "2023.09.12"]
[Round "3"]
[White "Fh2411"]
[Black "Arteler"]
[Result "1-0"]
[WhiteElo "2592"]
[BlackElo "2418"]
[TimeControl "180+1"]
[EndTime "8:28:10 PDT"]
[Termination "Fh2411 won by resignation"]

1. d4 d5 2. Nf3 Nf6 3. c4 c6 4.
cxd5 cxd5 5. Nc3 Nc6 6. Bf4 Bf5 7. e3 e6 8. Qb3 Qb6 9. Qxb6 axb6 10. Bb5 Nd7 11.
O-O Be7 12. h3 O-O 13. a3 Rfc8 14. Rac1 f6 15. Bg3 g5 16. Rfe1 Nf8 17. Bf1 h5 18. Nb5 Na5 19. Nd2 Nc6 20. Rc3 e5 21. Nb3 Ng6 22.
Rec1 Na5 23. Nxa5 bxa5 24. Nc7 Rab8 25. Nxd5 Rxc3 26. Rxc3 Bd8 27. Bb5 Kg7 28. f3 Be6 29.
e4 h4 30. Bf2 Bxd5 31. exd5 Bb6 32. dxe5 Bxf2+ 33. Kxf2 Nxe5 34. Rc7+ Kg6 35. d6 Rd8 36. d7 b6 37. Rb7 Kf5 38. Rxb6 Nxd7 39. Rd6 Rb8 40.
Bxd7+ Ke5 41. Rd2 1-0

[Event "Early-Titled-Tuesday-Blitz-September-12-2023"]
[Site "Chess.com"]
[Date "2023.09.12"]
[Round "3"]
[White "Gogolev_Artemy"]
[Black "sqmorr"]
[Result "0-1"]
[WhiteElo "2399"]
[BlackElo "2277"]
[TimeControl "180+1"]
[EndTime "8:28:10 PDT"]
[Termination "sqmorr won on time"]

1. d4 Nf6 2. Bf4 d5 3. e3 c5 4. Nf3 cxd4 5. exd4 Nc6 6. c3 Bg4 7. Nbd2 e6 8. Qb3 Qc8 9. Ne5 Bf5 10. Qa4 a6 11. Nxc6 Qxc6 12. Qxc6+ bxc6 13. Nb3 a5 14.
a4 Bc2 15. Nc1 Be7 16. Kd2 Bg6 17. f3 O-O 18. Bd3 Nd7 19. Bf5 Bxf5 20. g4 Bg6 21. h4 h5 22. Ne2 c5 23. Ng3 cxd4 24. gxh5 dxc3+ 25. bxc3 Bh7 26. Rhg1 e5 27. Be3 Bxh4 28. Ne2 Rfd8 29. Rg4 Bf6 30. Rag1 d4 31. cxd4 Nb6 32.
Bg5 Kf8 33. Bxf6 gxf6 34. Rg7 Bf5 35. Ke3 exd4+ 36. Kf4 Be6 37. h6 Ke7 38. h7 Rh8 39.
Nxd4 Rae8 40. Rb1 Nd5+ 41. Kg3 Kd6 42. Rb7 Ne7 43. Nb5+ Ke5 44. f4+ Ke4 45. Nd6+ Kd3 46. Nxf7 Bxf7 47. Rxf7 Nf5+ 48. Kf3 Re3+ 49. Kg4 Nh6+ 50.
Kh5 Nxf7 51. Rxf7 Rh3+ 52. Kg6 Ke4 0-1

[Event "Early-Titled-Tuesday-Blitz-September-12-2023"]
[Site "Chess.com"]
[Date "2023.09.12"]
[Round "3"]
[White "zano2023"]
[Black "whiteglovethief"]
[Result "0-1"]
[WhiteElo "2083"]
[BlackElo "2533"]
[TimeControl "180+1"]
[EndTime "8:28:13 PDT"]
[Termination "whiteglovethief won by resignation"]

1. d4 Nf6 2. Nd2 c5 3. e3 d5 4.
Ngf3 Nc6 5. c3 e6 6. Bd3 Bd6 7. O-O O-O 8. dxc5 Bxc5 9. e4 dxe4 10. Nxe4 Be7 11. Qe2 Qa5 12. Bg5 Nxe4 13. Qxe4 g6 14. Qh4 f6 15. Bh6 Rd8 16. Rfd1 f5 17. Bg5 Qc7 18.
Bc4 Re8 19. Bb3 Na5 20. Bxe7 Qxe7 21. Qxe7 Rxe7 22. Rd8+ Kg7 23. Rad1 Nxb3 24. axb3 b6 25. Ne5 Bb7 26. R8d7 Re8 27. f4 Kf6 28. h3 a5 29.
Kf2 Bd5 30. Rxe7 Rxe7 31. c4 Be4 32. Rd2 g5 33. Nd7+ Kg6 34. fxg5 Kxg5 35. Nxb6 Rb7 36. Rd6 Kf6 37. Ke3 Bxg2 38. h4 Ke5 39. c5 Bd5 40. Nd7+ Rxd7 41. Rxd7 f4+ 42. Kf2 h5 43. Ra7 Kd4 44.
Rxa5 e5 45. Ra4+ Kxc5 46. b4+ Kc4 47. b3+ Kxb3 48. Ra5 Kc4 49. Rc5+ Kd4 50. Rc1 e4 51.
b5 e3+ 52. Ke1 f3 53. Rd1+ Ke4 54. Rc1 Kd4 55. Rd1+ Kc5 56. Rd3 f2+ 0-1

[Event "Early-Titled-Tuesday-Blitz-September-12-2023"]
[Site "Chess.com"]
[Date "2023.09.12"]
[Round "3"]
[White "crazy_m_attack"]
[Black "ivana_999"]
[Result "1-0"]
[WhiteElo "2377"]
[BlackElo "2036"]
[TimeControl "180+1"]
[EndTime "8:28:13 PDT"]
[Termination "crazy_m_attack won by checkmate"]

1. e4 e6 2. d4 d5 3. Nc3 Nf6 4. e5 Ng8 5. Nce2 c5 6. c3 Nc6 7. Nf3 cxd4 8. cxd4 Qb6 9. a3 a6 10. b4 Nge7 11. h3 h5 12. Rg1 h4 13. Bb2 Nf5 14. Nf4 Bd7 15. Qd2 Rc8 16. Rc1 Be7 17. Bd3 g6 18. Bxf5 gxf5 19. Nd3 a5 20. Bc3 axb4 21.
axb4 Ra8 22. g4 hxg3 23. Rxg3 Na7 24. Kf1 Nb5 25. Bb2 Bc6 26. Kg2 Kd7 27. Kh2 Rag8 28.
Rcg1 Rxg3 29. Rxg3 Nc7 30. Rg7 Rf8 31. Ng5 Ke8 32.
Nc5 Bxc5 33. bxc5 Qb5 34. Nh7 Rh8 35. Nf6+ Ke7 36. Qg5 Qxb2 37. Nxd5+ Kd7 38. Qe7+ Kc8 39. Qxc7# 1-0

[Event "Early-Titled-Tuesday-Blitz-September-12-2023"]
[Site "Chess.com"]
[Date "2023.09.12"]
[Round "3"]
[White "younix2022"]
[Black "Happy1712Drummer"]
[Result "0-1"]
[WhiteElo "2005"]
[BlackElo "2362"]
[TimeControl "180+1"]
[EndTime "8:28:13 PDT"]
[Termination "Happy1712Drummer won by resignation"]

1. Nf3 c5 2. c4 Nc6 3. Nc3 e5 4.
d3 g6 5. g3 Bg7 6. Bg2 Nge7 7.
O-O O-O 8. a3 d6 9. Rb1 a5 10. Bd2 h6 11. Nb5 Be6 12. Bc3 a4 13. Qd2 d5 14. cxd5 Nxd5 15. Rfc1 b6 16. Ne1 Qd7 17. b4 axb3 18. Rxb3 Na5 19. Bxa5 Rxa5 20. Nc3 Nxc3 21. Rbxc3 e4 22. R3c2 exd3 23. Nxd3 Rxa3 24.
Qf4 Kh7 25. Ne5 Qd4 26. Qxd4 cxd4 27. Nc6 b5 28. Be4 Rc8 29. Ne7 Rxc2 30. Rxc2 b4 31. Nc6 b3 32. Rc1 b2 33. Rd1 Ra1 34. Rb1 Ba2 35.
Rxa1 bxa1=Q+ 36. Kg2 d3 37. Bxd3 Bd5+ 38. Be4 Bxe4+ 39.
f3 Bxc6 40. Kf2 Qa7+ 41. e3 Qa2+ 0-1